 Dungeon Crawl Stone Soup version 0.31-a0-931-g7b59d4eb97 (webtiles) character file.

Game seed: 17988615720882993197

309 retardedninja the Firebug (level 6, -1/32 HPs)
             Began as a Gargoyle Fire Elementalist on Oct 19, 2023.
             Slain by a hobgoblin (3 damage)
             ... led by Robin
             ... on level 3 of the Dungeon.
             The game lasted 00:04:16 (3542 turns).

retardedninja the Firebug (GrFE)                    Turns: 3542, Time: 00:04:16

Health: -1/32      AC:  7    Str: 12    XL:     6   Next: 41%
Magic:  7/10       EV: 12    Int: 17    God:
Gold:   43         SH:  0    Dex: 10    Spells: 8/11 levels left

rFire   + . .        q - +0 halberd
rCold   . . .        (shield currently unavailable)
rNeg    + . .        a - +0 robe
rPois   ∞            (no helmet)
rElec   +            e - +0 cloak
rCorr   .            (no gloves)
SInv    .            (no boots)
Will    .....        k - amulet of magic regeneration
Stlth   ++           o - ring of protection from fire
HPRegen 0.25/turn    (no ring)
MPRegen 0.52/turn

%: no passive effects
@: mighty
A: sickness immunity, AC +4, negative energy resistance 1, electricity
resistance, torment resistance 1, petrification resistance
a: no special abilities


You were on level 3 of the Dungeon.
You visited 1 branch of the dungeon, and saw 3 of its levels.

You collected 43 gold pieces.

Inventory:

Hand Weapons
 q - a +0 halberd (weapon)
Armour
 a - a +0 robe (worn)
 e - a +0 cloak (worn)
 j - a +0 pair of gloves
Jewellery
 k - an amulet of magic regeneration (around neck)
 o - a ring of protection from fire (left hand)
Scrolls
 c - a scroll of blinking {unknown}
 f - a scroll of acquirement {unknown}
 h - 4 scrolls of identify {unknown}
 i - 2 scrolls of poison {unknown}
 l - a scroll of fear {unknown}
 n - a scroll of vulnerability {unknown}
 p - a scroll of enchant weapon {unknown}
Potions
 b - a potion of magic
 d - a potion of might
 g - a potion of curing {unknown}
 m - 2 potions of brilliance {unknown}


   Skills:
 + Level 2.7 Dodging
 + Level 3.9 Stealth
 + Level 3.1 Spellcasting
 + Level 3.1 Conjurations
 + Level 4.1 Fire Magic


You had 8 spell levels left.
You knew the following spells:

 Your Spells              Type           Power      Damage    Failure   Level
a - Foxfire               Conj/Fire      60%        2x1d7     3%          1
b - Scorch                Fire           32%        2d6       4%          2

Your spell library contained the following spells:

 Spells                   Type           Power      Damage    Failure   Level
 Sting                    Tmut/Pois      8%         1d3       17%         1
 Inner Flame              Hex/Fire       9%         N/A       22%         3
 Volatile Blastmotes      Fire/Tloc      18%        2d11      22%         3
 Poisonous Vapours        Pois/Air       4%         N/A       26%         2
 Ignite Poison            Fire/Tmut/Pois 7%         N/A       28%         3
 Flame Wave               Conj/Fire      15%        2d7       36%         4
 Sticky Flame             Conj/Fire      15%        2d4       36%         4
 Olgreb's Toxic Radiance  Pois           2%         N/A       86%         4
 Ignition                 Fire           8%         3d5       100%        8


Dungeon Overview and Level Annotations

Branches:
Dungeon (3/15)

Altars:
Kikubaaqudgha

Annotations:
D:3 Jessica, Robin


Innate Abilities, Weirdness & Mutations

You are immune to sickness and miasma.
Your stone body is resilient. (AC +4)
You are immune to poison.
You resist negative energy. (rN+)
You are resistant to electric shocks. (rElec)
You are resistant to unholy torment.
You are immune to petrification.


Message History

The goblin hits you but does no damage.
The goblin no longer looks unusually strong.
The hobgoblin no longer looks unusually strong.
Casting: Foxfire (safe; 3% risk of failure)
Confirm with . or Enter, or press ? or * to list all spells.
You don't know that spell.
You completely miss the goblin.
The goblin is heavily wounded.
The goblin no longer looks unusually strong.
The frilled lizard barely misses you. The goblin hits you with a +0 dagger.
The hobgoblin closely misses you. Robin throws the goblin at you!
The frilled lizard bites you but does no damage.
The goblin hits you but does no damage. The goblin closely misses you.
Casting: Foxfire (safe; 3% risk of failure)
Confirm with . or Enter, or press ? or * to list all spells.
Flames lash the hobgoblin.
You kill the hobgoblin!
The hobgoblin no longer looks unusually strong.
The hobgoblin closely misses you.
Robin roars a battlecry!
The goblins go into a battle-frenzy!
The frilled lizard barely misses you. The goblin hits you with a +0 dagger.
* * * LOW HITPOINT WARNING * * *
The goblin hits you with a +0 club.
* * * LOW HITPOINT WARNING * * *
Casting: Scorch (safe; 4% risk of failure)
Confirm with . or Enter, or press ? or * to list all spells.
Flames lash Robin.
Robin is heavily wounded.
Robin's fire resistance burns away.
The hobgoblin hits you.
* * * LOW HITPOINT WARNING * * *
The frilled lizard barely misses you.
The goblin hits you but does no damage. x2
Casting: Scorch (safe; 4% risk of failure)
Confirm with . or Enter, or press ? or * to list all spells.
You don't know that spell.
Unknown command.
It was a potion of might.
You feel very mighty all of a sudden. The hobgoblin hits you.
You die...

. . #.P...P.# ..#.##.##.# ..
#.#...~P.P. ####.#.......
...##.#..P....###....#.....#
......#...####P............#####
...#..).##......P.............##
.........P....g............._.#Z
..............g..#............##
....###.....g.g###.#.#.....#####
##...........gl@g..#.#..........
#.....#.....†gg#####.#..........
#.....#.......g......#..........
.... ###.......>....#..........
..[. #...###......######.....
... #...# .................
##### ......######..... ......
###'## #.##


You could see Robin (combustible), 2 hobgoblins, 6 goblins and a frilled lizard.

Vanquished Creatures
  Sigmund (D:2)
  Terence (D:1)
  4 gnolls (D:2)
  An adder (D:2)
  A worm (D:2)
  5 dart slugs
  7 ball pythons
  4 bats
  7 endoplasms
  4 giant cockroaches
  3 hobgoblins
  3 quokkas
  6 frilled lizards
  4 goblins
  6 kobolds
  2 rats
59 creatures vanquished.

Vanquished Creatures (collateral kills)
  A foxfire (D:1)
1 creature vanquished.

Vanquished Creatures (others)
  A human (D:3)
  223 foxfires
224 creatures vanquished.

Grand Total: 284 creatures vanquished

Notes
Turn   | Place    | Note
-------+----------+-------------------------------------------
     0 | D:1      | retardedninja the Gargoyle Fire Elementalist began the
                  | quest for the Orb.
     0 | D:1      | Reached XP level 1. HP: 10/10 MP: 3/3
   265 | D:1      | Reached XP level 2. HP: 4/15 MP: 0/5
   888 | D:1      | Reached XP level 3. HP: 19/19 MP: 3/6
  1301 | D:2      | Noticed Terence
  1301 | D:2      | Noticed Sigmund
  1311 | D:1      | Learned a level 2 spell: Scorch
  1431 | D:1      | Killed Terence
  1608 | D:1      | Reached XP level 4. HP: 24/24 MP: 0/7
  1780 | D:2      | Killed Sigmund
  1781 | D:2      | Reached XP level 5. HP: 3/28 MP: 1/9
  1781 | D:2      | Reached XP level 6. HP: 3/32 MP: 1/10
  2369 | D:2      | Reached skill level 4 in Fire Magic
  3489 | D:3      | Found an ancient bone altar of Kikubaaqudgha.
  3490 | D:3      | Noticed a human
  3493 | D:3      | Killed a human
  3524 | D:3      | Noticed Robin
  3524 | D:3      | Noticed Jessica
  3541 | D:3      | HP: 1/32 [hobgoblin[Robin] (3)]
  3542 | D:3      | Slain by a hobgoblin

Illustrated notes

Levels and vault maps discovered:
D:1:      lightli_arrival_quake, layout_rooms, serial_bayou_pond_a,
          minmay_liquid_box, minmay_ruptured
D:2:      layout_loops_ring, uniq_terence, uniq_sigmund
D:3:      layout_basic, tgw_kikubaaqudgha,
          shapermc_ecumenical_altar_mp_ritualfount, uniq_jessica, uniq_robin

Skill      XL: |  1  2  3  4  5  6 |
---------------+-------------------+-----
Dodging        | 2 |  2.7
Conjurations   | 2 3 |  3.1
Stealth        | 3 |  3.9
Spellcasting   | 3 |  3.1
Fire Magic     | 4 |  4.1

Action                     |  1- 3 |  4- 6 || total
---------------------------+-------+-------++-------
  Melee: Spear             |    18 |       ||    18
         Halberd           |       |     5 ||     5
   Cast: Foxfire           |    59 |    85 ||   144
         Scorch            |     5 |    11 ||    16
    Use: Potion            |       |     1 ||     1
 Armour: Robe              |    19 |    57 ||    76
  Dodge: Dodged            |    30 |    39 ||    69

Table legend: (Time is in decaauts)
 A = Elapsed time spent in this place.
 B = Non-inter-level travel time spent in this place.
 C = Inter-level travel time spent in this place.
 D = Time resting spent in this place.
 E = Time spent auto-exploring this place.
 F = Levels seen in this place.
 G = Mean time per level.
                   A        B        C        D        E       F      G
               +--------+--------+--------+--------+--------+-----+--------+
         Total |   3551 |   3468 |     83 |    895 |   1951 |   3 | 1183.7 |
       Dungeon |   3551 |   3468 |     83 |    895 |   1951 |   3 | 1183.7 |
               +--------+--------+--------+--------+--------+-----+--------+

Top non-repeatable levels by time:
     D:1: 1940 daAuts
     D:2: 1524 daAuts
     D:3: 86 daAuts
